 Dungeon Crawl Stone Soup version 0.29.0-4-gdea44cf6ec (webtiles) character file.

Game seed: 8119144534896125378

271 Arum the Shield-Bearer (level 6, -2/50 (51) HPs)
             Began as a Formicid Fighter on Aug 27, 2022.
             Was an Initiate of Okawaru.
             Killed from afar by Ijyb (11 damage)
             ... with a puff of flame
             ... on level 4 of the Dungeon.
             The game lasted 00:05:16 (3549 turns).

Arum the Shield-Bearer (Formicid Fighter)           Turns: 3549, Time: 00:05:16

HP:   -2/50 (51)    AC:  7    Str: 22    XL:     6   Next: 47%
MP:   6/6           EV:  9    Int:  8    God:    Okawaru [......]
Gold: 144           SH:  5    Dex: 13    Spells: 5/5 levels left

rFire   . . .      SeeInvis +   a - +0 quarterstaff
rCold   . . .      Faith    .   c - +0 buckler
rNeg    . . .      Spirit   .   b - +0 scale mail
rPois   +          Reflect  .   (helmet unavailable)
rElec   .          Harm     .   (no cloak)
rCorr   .          Rampage  .   (no gloves)
Will    .....                   (no boots)
Stlth   ..........              (no amulet)
HPRegen 0.16/turn               f - ring of poison resistance
MPRegen 0.10/turn               (no ring)

@: lightly drained
A: permanent stasis, dig shafts and tunnels, antennae 3, four strong arms
a: Dig, Shaft Self, Renounce Religion


You were on level 4 of the Dungeon.
You worshipped Okawaru.
Okawaru was noncommittal.
You visited 2 branches of the dungeon, and saw 5 of its levels.

You collected 144 gold pieces.

Inventory:

Hand Weapons
 a - a +0 quarterstaff (weapon)
Missiles
 j - a throwing net
Armour
 b - a +0 scale mail (worn)
 c - a +0 buckler (worn)
 i - a +0 buckler
Jewellery
 f - a ring of poison resistance (left hand)
Wands
 m - a wand of flame (16)
Scrolls
 g - 2 scrolls of noise
 h - a scroll of immolation
 l - 2 scrolls of vulnerability
 o - a scroll of butterflies
Potions
 d - a potion of might
 e - 3 potions of curing
 k - 2 potions of heal wounds


   Skills:
 * Level 5.3 Fighting
 + Level 3.2 Staves
 + Level 4.2 Armour
 + Level 5.6 Shields


You had 5 spell levels left.
You didn't know any spells.
Your spell library contained the following spells:

 Spells                   Type           Power      Damage    Failure   Level
 Beastly Appendage        Tmut           0%         N/A       80%         1
 Ensorcelled Hibernation  Hex/Ice        0%         N/A       90%         2
 Passwall                 Tmut/Erth      0%         N/A       90%         2
 Wereblood                Tmut           0%         N/A       90%         2
 Spider Form              Tmut/Pois      0%         N/A       99%         3
 Swiftness                Air            Unusable   N/A       N/A         3

Dungeon Overview and Level Annotations

Branches:
Dungeon (4/15)             Temple (1/1) D:4

Altars:
Dithmenos
Gozag
Hepliaklqana
Nemelex Xobeh
Okawaru
Sif Muna
Wu Jian
Yredelemnul

Annotations:
D:4 Ijyb


Innate Abilities, Weirdness & Mutations

You cannot be hasted, slowed, berserked, paralysed or teleported.
You can dig through walls and to a lower floor.
You have a pair of large antennae on your head. (SInv)
Your four strong arms can wield two-handed weapons with a shield.


Message History

Ijyb zaps a wand.
The puff of flame hits you.
Ijyb drinks a potion.
Ijyb seems to speed up.
You hit Ijyb.
Ijyb is lightly wounded.
Ijyb zaps a wand.
The puff of flame misses you.
Ijyb zaps a wand.
The puff of flame hits you!
You hit Ijyb.
Ijyb is moderately wounded.
Ijyb closely misses you. Ijyb hits you but does no damage.
You closely miss Ijyb.
Ijyb is moderately wounded.
Ijyb hits you with a +0 dagger. x2
* * * LOW HITPOINT WARNING * * *
You hit Ijyb.
Ijyb is moderately wounded.
You block Ijyb's attack. Ijyb closely misses you.
You hit Ijyb but do no damage.
Ijyb is moderately wounded.
You block Ijyb's attack.
You barely miss Ijyb.
Ijyb is moderately wounded.
Ijyb hits you with a +0 dagger.
* * * LOW HITPOINT WARNING * * *
You block Ijyb's attack.
You hit Ijyb but do no damage.
Ijyb is moderately wounded.
Ijyb zaps a wand.
The puff of flame misses you. Ijyb hits you but does no damage.
You barely miss Ijyb.
Ijyb is moderately wounded.
Ijyb hits you with a +0 dagger.
* * * LOW HITPOINT WARNING * * *
Ijyb hits you but does no damage.
You sock Ijyb!
Ijyb is severely wounded.
Ijyb hits you but does no damage.
You hit Ijyb.
Ijyb is almost dead.
Ijyb zaps a wand.
The puff of flame hits you!
You die...

####............
#....#.##....#.#.#..
...##.#....##.#.#.#.. .
## #...#....... ... ..
#...#.##.#.##.# ..#
###........#....#..
##...##.#.#...#... ##
##.......#.#.>.#.##...#
.......#........@...#
...##..#....#.#.#g......
..<##.†..##.#.#.#.#..###
##..#.#...........# ##
##...#.#.#.##.#...
#.....#.#....#.##
##..............
#.#......###.#.
..#...... .#


You could see Ijyb (fast).

Vanquished Creatures
  An orc priest (D:3)
  2 iguanas
  4 adders (D:2)
  5 gnolls
  3 worms
  2 dart slugs (D:2)
  8 orcs (D:3)
  8 bats
  6 endoplasms
  A giant cockroach (D:1)
  5 goblins
  9 hobgoblins
  3 jackals (D:2)
  7 kobolds
  4 quokkas
  5 ball pythons
  4 frilled lizards
  9 rats
86 creatures vanquished.

Notes
Turn   | Place    | Note
-------+----------+-------------------------------------------
     0 | D:1      | Arum the Formicid Fighter began the quest for the Orb.
     0 | D:1      | Reached XP level 1. HP: 18/18 MP: 1/1
    17 | D:1      | Reached XP level 2. HP: 24/24 MP: 2/2
   147 | D:1      | Reached XP level 3. HP: 20/30 MP: 3/3
   986 | D:2      | Reached XP level 4. HP: 13/37 MP: 4/4
   996 | D:2      | HP: 1/37 [goblin/+0 club (2)]
  1703 | D:2      | Reached skill level 5 in Shields
  1911 | D:2      | Reached XP level 5. HP: 36/43 MP: 5/5
  1971 | D:2      | Found Tinwyap's General Store.
  2454 | D:3      | Found a faded altar of an unknown god.
  2766 | D:3      | Reached XP level 6. HP: 13/49 MP: 6/6
  2790 | D:3      | Reached skill level 5 in Fighting
  3277 | D:3      | Found a shadowy altar of Dithmenos.
  3393 | D:4      | Found a staircase to the Ecumenical Temple.
  3454 | Temple   | Entered the Ecumenical Temple
  3463 | Temple   | Became a worshipper of Warmaster Okawaru
  3536 | D:4      | Noticed Ijyb
  3549 | D:4      | Killed from afar by Ijyb

Illustrated notes

Levels and vault maps discovered:
D:1:      grunt_arrival_lava_bath, layout_basic
D:2:      minmay_spotlight, layout_basic, serial_shops, shop,
          minmay_misc_feat_room, minmay_hexomino_c4
D:3:      layout_basic, mainiacjoe_overflow_catwalk, nicolae_ecumenical_pavilion
D:4:      layout_rooms, elyvilon_altar_4, lemuel_coloured_pillars_altar,
          fedhas_altar_4, minmay_temple_entry_ruins, gup_sewer_entry_pipe,
          dk_noncrumbling_3, chequers_serial_rivers_room_a, uniq_ijyb
Temple:   nicolae_temple_ecumenical_triangle

Skill      XL: |  1  2  3  4  5  6 |
---------------+-------------------+-----
Fighting       | 4 5 |  5.3
Shields        | 5 |  5.6
Armour         | 4 |  4.2
Staves         | 3 |  3.2

Action                   |  1- 3 |  4- 6 || total
-------------------------+-------+-------++-------
Melee: Quarterstaff      |    96 |   200 ||   296
 Abil: Dig               |     5 |     2 ||     7
  Use: Scroll            |       |     7 ||     7
       Potion            |       |     2 ||     2
 Stab: Distracted        |       |     1 ||     1
Armor: Scale mail        |    69 |    69 ||   138
Dodge: Dodged            |    59 |    55 ||   114
Block: Buckler           |    31 |    45 ||    76
